 Dungeon Crawl Stone Soup version 0.31.0-4-g52a2dc7128 (webtiles) character file.

Game seed: 15599390676248409471

33 Fv001 the Trooper (level 3, 0/29 HPs)
             Began as a Demonspawn Fighter on Jan 23, 2024.
             Slain by a ball python (2 damage)
             ... on level 2 of the Dungeon.
             The game lasted 00:02:31 (846 turns).

Fv001 the Trooper (Demonspawn Fighter)               Turns: 846, Time: 00:02:31

Health: 0/29       AC:  6    Str: 18    XL:     3   Next: 12%
Magic:  3/3        EV:  7    Int:  8    God:
Gold:   32         SH:  8    Dex: 12    Spells: 2/2 levels left

rFire   . . .        a - +0 war axe
rCold   . . .        j - +0 kite shield
rNeg    . . .        b - +0 scale mail
rPois   .            (no helmet)
rElec   .            (no cloak)
rCorr   .            (no gloves)
SInv    .            (no boots)
Will    .....        (no amulet) Stlth
                     (no ring)
HPRegen 0.24/turn    (no ring)
MPRegen 0.08/turn

%: no passive effects
@: mighty
A: weakness stinger 2
a: no special abilities


You were on level 2 of the Dungeon.
You visited 1 branch of the dungeon, and saw 2 of its levels.

You collected 32 gold pieces.

Inventory:

Hand Weapons
 a - a +0 war axe (weapon)
Missiles
 g - 3 javelins (quivered)
Armour
 b - a +0 scale mail (worn)
 j - a +0 kite shield (worn)
Potions
 c - a potion of lignification {unknown}
 e - a potion of heal wounds {unknown}
 f - a potion of magic {unknown}
 i - a potion of mutation {unknown}
 k - a potion of degeneration {unknown}
 l - a potion of curing {unknown}


   Skills:
 + Level 3.5 Fighting
 + Level 2.2 Axes
 + Level 0.2 Throwing
 + Level 2.9 Armour
 + Level 2.8 Shields


You had 2 spell levels left.
You didn't know any spells.
Your spell library contained the following spells:

 Spells                   Type           Power      Damage    Failure   Level
 Summon Small Mammal      Summ           0%         N/A       98%         1
 Blink                    Tloc           0%         N/A       99%         2
 Lesser Beckoning         Tloc           0%         N/A       99%         2
 Momentum Strike          Conj/Tloc      0%         3d8       99%         2
 Summon Blazeheart Golem  Fire/Summ      0%         N/A       100%        4
 Malign Gateway           Summ/Tloc      0%         N/A       100%        7
 Monstrous Menagerie      Summ           0%         N/A       100%        7


Dungeon Overview and Level Annotations

Branches:
Dungeon (2/15)

Altars:


Innate Abilities, Weirdness & Mutations

You have a tail ending in a sharp stinger.


Message History

You are no longer poisoned.
The adder bites you but does no damage. The ribbon worm bites you!
The adder bites you but does no damage. You block the ball python's attack.
The ball python closely misses you. The adder attacks as it pursues you!
You block the adder's attack. The adder attacks as it pursues you!
The adder barely misses you. The adder bites you.
* * * LOW HITPOINT WARNING * * *
You are poisoned.
The adder poisons you!
You feel very mighty all of a sudden.
You feel sick. The adder bites you but does no damage.
You closely miss the adder.
The adder is heavily wounded.
You feel sick. You block the adder's attack. x2
You closely miss the adder.
The adder is heavily wounded.
You feel sick.
You are no longer poisoned.
The adder bites you but does no damage. You block the adder's attack.
You slash the adder!
You kill the adder!
You have reached level 3!
Your experience leads to an increase in your attributes!
Increase (S)trength, (I)ntelligence, or (D)exterity?
You feel stronger. x2; Your demonic ancestry asserts itself...
Your tail grows a sharp stinger.
You completely miss the ribbon worm. The ribbon worm barely misses you.
You slash the ribbon worm!
The ribbon worm is moderately wounded.
The ribbon worm expels a string of sticky webbing.
You block the stream of webbing.
You hit the ribbon worm.
The ribbon worm is heavily wounded.
The ribbon worm completely misses you. The ribbon worm bites you.
* * * LOW HITPOINT WARNING * * *
You slash the ribbon worm!
You kill the ribbon worm!
The ball python bites you.
You die...

... #J#
#.#
#.###§###
.#.#
#...§§§§#
... #§#
#.. #§#
... #S#
#.# #@#
#.# #§#
#.# #§#
#<#
#.######.#
#........#
##########


You could see a ball python.

Vanquished Creatures
  An adder (D:2)
  A ribbon worm (D:2)
  3 endoplasms
  3 goblins
  4 hobgoblins (D:1)
  3 quokkas (D:1)
  3 bats (D:1)
  2 kobolds (D:1)
  2 rats (D:1)
22 creatures vanquished.

Notes
Turn   | Place    | Note
-------+----------+-------------------------------------------
     0 | D:1      | Fv001 the Demonspawn Fighter began the quest for the Orb.
     0 | D:1      | Reached XP level 1. HP: 18/18 MP: 1/1
   221 | D:1      | Gained mutation: You have a small tail. [demonic ancestry]
   221 | D:1      | Reached XP level 2. HP: 20/24 MP: 2/2
   317 | D:1      | Got Fydujem's Precepts of the Stork
   843 | D:2      | Gained mutation: You have a tail ending in a sharp stinger.
                  | [demonic ancestry]
   843 | D:2      | Reached XP level 3. HP: 4/29 MP: 3/3
   846 | D:2      | Slain by a ball python

Illustrated notes

Levels and vault maps discovered:
D:1:      saegor_arrival_under_anarchy, layout_basic, grunt_decor_resistance,
          minmay_heptomino_o4
D:2:      layout_loops_ring, basic_altar,
          dreamdust_ecumenical_altar_hidden_monk_grotto, minmay_liquid_box,
          uniq_robin

Skill      XL: |  1  2 |
---------------+-------+-----
Axes           | 2 |  2.2
Fighting       | |  3.5
Throwing       | |  0.2
Armour         | |  2.9
Shields        | |  2.8

Action                     || total
---------------------------++-------
  Melee: War axe           ||    35
         Tailslap          ||     1
  Throw: Javelin           ||    18
    Use: Scroll            ||     2
         Potion            ||     1
 Armour: Scale mail        ||    34
  Dodge: Dodged            ||    13
  Block: Buckler           ||     4
         Kite shield       ||    12
